 Dungeon Crawl Stone Soup version 0.30-a0-1016-gfb0d676c02 (webtiles) character file.

Game seed: 4163064276405473790

3878 coolio the Cleaver (level 10, -1/80 HPs)
             Began as a Demonspawn Fighter on Apr 6, 2023.
             Was a Believer of Makhleb.
             Killed by vampiric draining
             ... invoked by a vampire
              (21 damage)
             ... in a bailey on Apr 7, 2023.
             The game lasted 00:13:08 (6877 turns).

coolio the Cleaver (Demonspawn Fighter)             Turns: 6877, Time: 00:13:09

Health: -1/80      AC: 24    Str: 21    XL:     10   Next: 0%
Magic:  10/10      EV:  6    Int: 10    God:    Makhleb [**....]
Gold:   27         SH:  0    Dex: 12    Spells: 9/9 levels left

rFire   + . .      SeeInvis .    G - +0 broad axe
rCold   + . .      Faith    .    (no shield)
rNeg    . . .      Spirit   .    a - +0 plate armour
rPois   .          Reflect  .    g - +1 helmet
rElec   .          Rampage  .    B - scarf {rC+ rF+}
rCorr   .                        y - +1 pair of gloves
Will    .....                    v - +2 pair of boots Stlth
                                 (no amulet)
HPRegen 0.33/turn                (no ring)
MPRegen 0.12/turn                (no ring)

@: hasted, very quick
A: claws 1, thin metallic scales 2, powered by death 2, spiny 2
a: Renounce Religion, Minor Destruction


You were in a bailey.
You worshipped Makhleb.
Makhleb was pleased with you.
You visited 2 branches of the dungeon, and saw 10 of its levels.
You also visited: Ossuary and Bailey.

You collected 447 gold pieces.
You spent 420 gold pieces at shops.

Inventory:

Hand Weapons
 G - a +0 broad axe (weapon)
Missiles
 F - 3 curare-tipped darts (quivered)
Armour
 a - a +0 plate armour (worn)
 g - a +1 helmet (worn)
 v - a +2 pair of boots (worn)
 y - a +1 pair of gloves (worn)
 B - a scarf of resistance (worn)
Jewellery
 f - a ring of fire
 k - a ring of positive energy
 l - the ring of Xom's Attic {MP+9 Str+6 Stlth+}
   (You found it on level 5 of the Dungeon)

   [ring of strength]

   Str:       It affects your strength (+6).
   MP:        It affects your magic capacity (+9).
   Stlth:     It makes you more stealthy.
 n - an amulet of magic regeneration
 x - a +6 ring of dexterity
Wands
 d - a wand of roots (10)
 i - a wand of flame (4)
 D - a wand of digging (6)
Scrolls
 e - 5 scrolls of vulnerability
 h - 4 scrolls of teleportation
 j - 4 scrolls of enchant weapon
 o - 3 scrolls of fear
 q - a scroll of noise
 r - a scroll of fog
 z - a scroll of identify
Potions
 b - a potion of cancellation
 c - 4 potions of mutation
 m - 6 potions of curing
 p - 3 potions of heal wounds
 t - 2 potions of magic
 w - 2 potions of ambrosia
 A - a potion of haste
 E - a potion of flight
 I - a potion of lignification


   Skills:
 + Level 7.8 Fighting
 * Level 9.6 Axes
 + Level 7.1 Armour
 - Level 2.6 Shields


You had 9 spell levels left.
You didn't know any spells.
Your spell library contained the following spells:

 Spells                   Type           Power      Damage    Failure   Level
 Dazzling Flash           Conj/Hex       0%         N/A       100%        3
 Inner Flame              Hex/Fire       0%         N/A       100%        3
 Portal Projectile        Hex/Tloc       0%         N/A       100%        3
 Tukima's Dance           Hex            0%         N/A       100%        3
 Volatile Blastmotes      Fire/Tloc      0%         2d10      100%        3
 Flame Wave               Conj/Fire      0%         2d4       100%        4
 Iskenderun's Mystic Bla  Conj/Tloc      0%         2d3       100%        4
 Sticky Flame             Conj/Fire      0%         2d3       100%        4
 Agony                    Necr           0%         N/A       100%        5
 Alistair's Intoxication  Tmut/Pois      0%         N/A       100%        5
 Blade Hands              Tmut           0%         N/A       100%        5
 Borgnjor's Vile Clutch   Necr/Erth      0%         N/A       100%        5
 Silence                  Hex/Air        0%         N/A       100%        5
 Eringya's Noxious Bog    Tmut/Pois      0%         N/A       100%        6
 Starburst                Conj/Fire      0%         6d3       100%        6


Dungeon Overview and Level Annotations

Branches:
Dungeon (9/15)             Temple (1/1) D:7         Ossuary (visited)
 Bailey (1/1)
   Lair: D:8-11         Orc: D:9-12

Altars:
Ashenzari
Cheibriados
Dithmenos
Fedhas
Gozag
Hepliaklqana
Makhleb
Qazlal
Ru
Sif Muna
Uskayaw
Vehumet
Xom

Shops:
D:1 !   D:4 *   D:5 :


Innate Abilities, Weirdness & Mutations

You have sharp fingernails.
You are mostly covered in thin metallic scales. (AC +3)
You regenerate health from kills.
You are mostly covered in sharp spines.


Message History

You closely miss something. Something hits you but does no damage.
Something bites you.
Something draws strength from your injuries!
You hit something but do no damage. Something hits you but does no damage.
Something bites you but does no damage.
You slash something!
You hear some strange, mumbled words.
You are confused.
Found a potion of heal wounds.
Something hits you but does no damage.
You hear some strange, mumbled words.
You are more confused.
You are too confused!
Unknown command.
You feel better. Something hits you but does no damage. Something bites you!
Something draws strength from your injuries!
Okay, then.
Throw: throwing net
Press: ? - help, Q - select action, (/) - cycle Shift-Dir - straight line You throw a throwing net.
Something gets caught in the net!
Something wriggles in the net.
You closely miss something.
Something wriggles in the net.
You barely miss something.
Something wriggles in the net.
You hit something. You punch something.
Something wriggles in the net.
You barely miss something.
Something wriggles in the net.
You hit something but do no damage.
Something wriggles in the net.
You closely miss something.
Something wriggles in the net.
All of a sudden the net rips apart!
Something hits you!
* * * LOW HITPOINT WARNING * * *
Something bites you but does no damage.
You barely miss something. Something hits you but does no damage.
Something bites you but does no damage.
You miss something. Something hits you but does no damage.
Something bites you but does no damage.
You slash something! Your punch misses something. Something hits you.
* * * LOW HITPOINT WARNING * * *
Something bites you but does no damage.
You hit something but do no damage. Something hits you but does no damage.
Something bites you but does no damage.
You feel yourself speed up. Something draws life force from you!!
You die...

..♣.♣..##......8#
.♣..♣...##....######
.........#...##...8#
....♣....#..##.....[
# ♣..♣.....#..#...#
8# .... ....#..'..#
.!# ##.. #..'..##
#.!# # #..#..{##.[8#
#8.##..@..!#
######....## ######


There were no monsters in sight!

Vanquished Creatures
  A troll (D:9)
  Sigmund (D:3)
  3 water moccasins
  An orc warrior (D:6)
  An ice beast (D:7)
  2 sky beasts (D:8)
  A centaur (D:7)
  2 ogres
  2 phantoms (D:6)
  A kobold brigand (D:7)
  2 elf zombies (Ossuary)
  6 bullfrogs
  3 gnoll sergeants
  3 scorpions
  3 wights (D:8)
  A killer bee (D:9)
  A centaur zombie (Ossuary)
  5 hounds
  2 human zombies (Ossuary)
  3 orc priests
  Crazy Yiuf (D:2)
  A gnoll bouda (D:6)
  2 iguanas
  6 orc wizards
  2 mummies (Ossuary)
  Robin (D:3)
  7 adders
  22 gnolls
  A river rat (D:5)
  A shadow imp (D:8)
  2 ufetubi (D:4)
  3 adder zombies (Ossuary)
  4 worms
  3 dart slugs (D:1)
  30 orcs
  3 endoplasms
  A giant cockroach (D:1)
  20 goblins
  9 hobgoblins
  9 jackals
  16 kobolds
  8 quokkas
  6 ball pythons
  5 bats
  3 frilled lizards
  A goblin zombie (Ossuary)
  7 hobgoblin zombies (Ossuary)
  2 jackal zombies (Ossuary)
  10 kobold zombies (Ossuary)
  14 orc zombies
  3 rats
  A rat zombie (Ossuary)
248 creatures vanquished.

Vanquished Creatures (collateral kills)
  4 killer bees (D:9)
4 creatures vanquished.

Vanquished Creatures (others)
  An orc wizard (D:3)
  5 fungi (D:2)
6 creatures vanquished.

Grand Total: 258 creatures vanquished

Notes
Turn   | Place    | Note
-------+----------+-------------------------------------------
     0 | D:1      | coolio the Demonspawn Fighter began the quest for the Orb.
     0 | D:1      | Reached XP level 1. HP: 18/18 MP: 1/1
    70 | D:1      | Reached skill level 2 in Axes
   129 | D:1      | Gained mutation: You regenerate a little health from kills.
                  | [demonic ancestry]
   129 | D:1      | Reached XP level 2. HP: 20/24 MP: 2/2
   300 | D:1      | Reached XP level 3. HP: 22/29 MP: 3/3
   548 | D:1      | Found a faded altar of an unknown god.
   699 | D:1      | Found Cedaesu's Distillery.
   707 | D:1      | Bought a potion of curing for 30 gold pieces
   996 | D:2      | Reached skill level 3 in Axes
  1216 | D:2      | Gained mutation: You regenerate health from kills. [demonic
                  | ancestry]
  1216 | D:2      | Reached XP level 4. HP: 29/35 MP: 4/4
  1569 | D:2      | Found a runed translucent door.
  1570 | D:2      | Noticed Crazy Yiuf
  1578 | D:2      | Killed Crazy Yiuf
  2023 | D:3      | Gained mutation: You are partially covered in thin metallic
                  | scales. (AC +2) [demonic ancestry]
  2023 | D:3      | Reached XP level 5. HP: 42/42 MP: 5/5
  2116 | D:3      | Found a stormy altar of Qazlal.
  2121 | D:3      | Noticed an air elemental
  2134 | D:3      | Noticed a fire elemental
  2134 | D:3      | Noticed a water elemental
  2154 | D:3      | Noticed Sigmund
  2154 | D:3      | Noticed Robin
  2192 | D:3      | Killed Robin
  2193 | D:3      | Reached skill level 4 in Axes
  2220 | D:3      | Killed Sigmund
  2221 | D:3      | Gained mutation: You are partially covered in sharp spines.
                  | [demonic ancestry]
  2221 | D:3      | Reached XP level 6. HP: 38/49 MP: 6/6
  2445 | D:4      | Found Buptiap's Assorted Antiques.
  2570 | D:4      | Reached skill level 5 in Axes
  2570 | D:4      | Gained mutation: You are mostly covered in sharp spines.
                  | [demonic ancestry]
  2570 | D:4      | Reached XP level 7. HP: 39/55 MP: 7/7
  2617 | D:4      | Found a sand-covered staircase.
  2627 | Ossuary  | Entered an ossuary
  2742 | Ossuary  | Reached skill level 5 in Fighting
  3027 | D:4      | Found a broken altar of Ashenzari.
  3204 | D:5      | Entered Level 5 of the Dungeon
  3230 | D:5      | Found Cicecriy's Book Emporium.
  3233 | D:5      | Reached skill level 6 in Axes
  3265 | D:5      | Identified the ring of Xom's Attic {MP+9 Str+6 Stlth+}
  3270 | D:5      | Found a shimmering blue altar of Sif Muna.
  3276 | D:5      | Reached skill level 5 in Armour
  3276 | D:5      | Gained mutation: You have sharp fingernails. [demonic
                  | ancestry]
  3276 | D:5      | Reached XP level 8. HP: 59/63 MP: 8/8
  3279 | D:5      | Found a hazy altar of Hepliaklqana.
  3470 | D:5      | You fall into a shaft and drop 2 floors!
  3545 | D:7      | Reached skill level 7 in Axes
  3824 | D:7      | Found a staircase to the Ecumenical Temple.
  3899 | Temple   | Entered the Ecumenical Temple
  4007 | Temple   | Became a worshipper of Makhleb the Destroyer
  4439 | D:6      | Gained mutation: You are mostly covered in thin metallic
                  | scales. (AC +3) [demonic ancestry]
  4439 | D:6      | Reached XP level 9. HP: 67/71 MP: 9/9
  4520 | D:6      | Reached skill level 8 in Axes
  5147 | D:5      | Reached * piety under Makhleb
  5711 | D:8      | Reached skill level 9 in Axes
  6463 | D:1      | Bought a potion of heal wounds for 50 gold pieces
  6463 | D:1      | Bought a potion of heal wounds for 50 gold pieces
  6463 | D:1      | Bought a potion of haste for 100 gold pieces
  6463 | D:1      | Bought 2 potions of mutation for 160 gold pieces
  6463 | D:1      | Bought a potion of lignification for 30 gold pieces
  6704 | D:9      | Found a flagged portal.
  6707 | D:9      | Noticed a troll
  6721 | D:9      | Killed a troll
  6774 | Bailey   | Entered a bailey
  6814 | Bailey   | Reached ** piety under Makhleb
  6818 | Bailey   | Reached XP level 10. HP: 80/80 MP: 10/10
  6852 | Bailey   | HP: 4/80 [something (8)]
  6877 | Bailey   | Killed from afar by a vampire

Illustrated notes

Levels and vault maps discovered:
D:1:      wander_arrival_fairy_ring, layout_loops_ring, serial_shops,
          nicolae_shop_stone, dreamdust_ecumenical_altar_hidden_monk_grotto,
          nrook_loot_triangle, minmay_bisected
D:2:      layout_loops_ring, uniq_crazy_yiuf_cottage
D:3:      layout_basic, nicolae_qazlal_style_of_elements, amcnicky_altar_gilded,
          minmay_quantized, uniq_sigmund, uniq_robin
D:4:      layout_cave_pools, lemuel_round_altar, serial_shops, kennysheep_mini,
          enter_ossuary_1, minmay_goblin_kobold_house
D:5:      layout_gridville, mainiacjoe_overflow_catwalk_spiral,
          gup_sewer_entry_bowl, serial_shops, nicolae_square_shop,
          chequers_serial_rivers_small_b, st_stairs_6
D:6:      layout_gridville, minmay_misc_feat_ornament
D:7:      layout_basic, minmay_temple_entry_junction, kennysheep_generic_room_12
D:8:      layout_basic, roderic_lattice_a, minivault_26
D:9:      layout_irregular_city, enter_bailey_5, corner_web_ring,
          nrook_pool_corridor
Temple:   nicolae_temple_slightly_damp_pantheon
Bailey:   bailey_polearm_vampire_castle_hellmonk, bailey

Skill      XL: |  1  2  3  4  5  6  7  8  9 |
---------------+----------------------------+-----
Axes           | 2 3 4 5 6 7 9 |  9.6
Armour         | 3 4 5 7 |  7.1
Fighting       | 4 5 6 7 |  7.8
Shields        | |  2.6

Action                     |  1- 3 |  4- 6 |  7- 9 | 10-12 || total
---------------------------+-------+-------+-------+-------++-------
  Melee: War axe           |   123 |   144 |   193 |       ||   460
         Punch             |       |     1 |     3 |     2 ||     6
         Broad axe         |       |       |   114 |    26 ||   140
  Throw: Throwing net      |       |       |       |     1 ||     1
    Use: Potion            |       |     4 |     1 |     5 ||    10
         Scroll            |       |       |    17 |       ||    17
 Armour: Scale mail        |    53 |       |       |       ||    53
         Chain mail        |    47 |   131 |   135 |       ||   313
         Plate armour      |       |       |   171 |    32 ||   203
  Dodge: Dodged            |    83 |    55 |   139 |     4 ||   281

Table legend: (Time is in decaauts)
 A = Elapsed time spent in this place.
 B = Non-inter-level travel time spent in this place.
 C = Inter-level travel time spent in this place.
 D = Time resting spent in this place.
 E = Time spent auto-exploring this place.
 F = Levels seen in this place.
 G = Mean time per level.
                   A        B        C        D        E       F      G
               +--------+--------+--------+--------+--------+-----+--------+
         Total |   7048 |   6246 |    802 |      2 |   4513 |  12 |  587.3 |
       Dungeon |   6575 |   5791 |    784 |      0 |   4293 |   9 |  730.6 |
        Temple |    127 |    109 |     18 |      0 |     87 |   1 |  127.0 |
       Ossuary |    239 |    239 |      0 |      0 |     97 |   1 |  239.0 |
        Bailey |    106 |    106 |      0 |      2 |     36 |   1 |  106.0 |
               +--------+--------+--------+--------+--------+-----+--------+

Top non-repeatable levels by time:
     D:1: 1015 daAuts
     D:7: 1006 daAuts
     D:3: 890 daAuts
     D:8: 870 daAuts
     D:2: 833 daAuts
     D:5: 747 daAuts
     D:6: 564 daAuts
     D:4: 561 daAuts
 Ossuary: 239 daAuts
  Temple: 127 daAuts
  Bailey: 106 daAuts
     D:9: 83 daAuts
